 Dungeon Crawl Stone Soup version 0.26-a0-639-g72c4674 (webtiles) character file.

Game seed: 2453088036073967997

1068927 Tross the Axe Maniac (level 27, -7/244 (245) HPs)
             Began as a Minotaur Gladiator on Sept 17, 2020.
             Was the Champion of Makhleb.
             Killed by divine providence
             ... invoked by a smoke demon
             ... summoned by a greater mummy
              (10 damage)
             ... on level 3 of the Tomb of the Ancients.
             The game lasted 04:00:02 (67407 turns).

Tross the Axe Maniac (Minotaur Gladiator)          Turns: 67407, Time: 04:00:03

HP:   -7/244 (245)  AC: 51    Str: 30 (35) XL:     27
MP:   0/36          EV: 13    Int: 11      God:    Makhleb [******]
Gold: 8290          SH:  0    Dex: 20 (21) Spells: 42/47 levels left

rFire    + . .     SeeInvis .   d - +9 sacred scourge (holy)
rCold    + + +     Faith    .   (no shield)
rNeg     + + .     Spirit   +   V - +12 gold dragon scales
rPois    +         Reflect  .   c - +2 hat
rElec    .         Harm     .   E - +4 dragonskin cloak
rCorr    .         Rampage  +   (no gloves)
MR       ++...     Clarity  +   G - +2 pair of boots {rampage}
Stlth    ..........             I - amulet of Vehumet's Vengeance {Spirit Str+2 Int+3 Dex+5}
HPRegen  0.50/turn              e - ring "Eqoakuwk" {Ice +Blink Str+9 Int-3 Slay+6}
MPRegen  0.25/turn              r - ring "Jiwo" {rN+ Int+6 Slay+3 Stlth+}

@: lethally poisoned (-7 -> -21), held
A: retaliatory headbutt, fangs 1, horns 2, blurry vision 1, clarity,
deterioration 1, frail 1, poison resistance, weak 2, evolution 1, subdued magic
1, MP-powered wands
}: 9/15 runes: decaying, serpentine, slimy, silver, iron, obsidian, icy, bone,
abyssal
a: Minor Destruction, Lesser Servant of Makhleb, Major Destruction, Greater
Servant of Makhleb, Renounce Religion, Evoke Blink


You were on level 3 of the Tomb of the Ancients.
You worshipped Makhleb.
Makhleb was exalted by your worship.
You visited 18 branches of the dungeon, and saw 89 of its levels.
You visited the Abyss 3 times.
You visited 2 bazaars.
You also visited: Gauntlet and Wizlab.

You collected 11825 gold pieces.
You spent 3535 gold pieces at shops.

Inventory:

Hand Weapons
 d - a +9 sacred scourge of holy wrath (weapon)
 g - the +7 sceptre of Asmodeus
   (You took it off Asmodeus on level 7 of Gehenna)
 l - the +4 staff of Dispater
   (You took it off Dispater on level 7 of the Iron City of Dis)
 S - a +9 vorpal executioner's axe
Armour
 c - a +2 hat (worn)
 E - the +4 dragonskin cloak (worn)
   (You took it off Tiamat on level 2 of the Realm of Zot)
 G - a +2 pair of boots of rampaging (worn)
 V - +12 gold dragon scales (worn)
Jewellery
 e - the ring "Eqoakuwk" (left hand) {Ice +Blink Str+9 Int-3 Slay+6}
   (You bought it in a shop in a bazaar)

   [ring of ice]

   It enhances your ice magic.
   It affects your strength (+9).
   It affects your intelligence (-3).
   It affects your accuracy and damage with ranged weapons and melee attacks
   (+6).
   It makes you vulnerable to fire.
   It protects you from cold.
   It lets you blink.
 k - an uncursed ring of protection from fire
 o - the ring "Paxzuhijo" {AC+4 Str+6}
   (You found it on level 3 of the Elven Halls)

   [ring of protection]

   It affects your AC (+4).
   It affects your strength (+6).
 q - a +4 ring of slaying
 r - the ring "Jiwo" (right hand) {rN+ Int+6 Slay+3 Stlth+}
   (You found it on level 3 of the Crypt)

   [ring of intelligence]

   It affects your intelligence (+6).
   It affects your accuracy and damage with ranged weapons and melee attacks
   (+3).
   It protects you from negative energy.
   It makes you more stealthy.
 v - an uncursed ring of protection from magic
 y - the ring "Ego Suist" {rF+ Str+6 Dex+4 Stlth-}
   (You found it on level 15 of the Dungeon)

   [ring of strength]

   It affects your strength (+6).
   It affects your dexterity (+4).
   It protects you from fire.
   It makes you less stealthy.
 I - the amulet of Vehumet's Vengeance (around neck) {Spirit Str+2 Int+3 Dex+5}
   (You found it in a Gauntlet)

   [amulet of guardian spirit]

   It causes incoming damage to be split between your health and magic.
   It affects your strength (+2).
   It affects your intelligence (+3).
   It affects your dexterity (+5).
 J - the cursed necklace of Bloodlust {*Rage +Rage MR++ Int-3 Slay+6 *Curse}
   (You found it on level 5 of the Pits of Slime)

   [amulet of nothing]

   It affects your intelligence (-3).
   It affects your accuracy and damage with ranged weapons and melee attacks
   (+6).
   It affects your resistance to hostile enchantments.
   It lets you go berserk.
   It may make you go berserk in combat.
   It curses itself when equipped.
   It has a curse placed upon it.
 R - an uncursed ring of positive energy
Wands
 a - a wand of paralysis (15)
 p - a wand of digging (19)
 H - a wand of iceblast (39)
 L - a wand of disintegration (43)
 Z - a wand of acid (18)
Scrolls
 b - 26 scrolls of identify
 h - 12 scrolls of fog
 i - 14 scrolls of fear
 m - 26 scrolls of remove curse
 n - 15 scrolls of teleportation
 s - a scroll of silence
 t - 8 scrolls of enchant weapon
 w - a scroll of magic mapping
 M - 9 scrolls of immolation
 N - 3 scrolls of summoning
 Q - 4 scrolls of holy word
 X - 8 scrolls of enchant armour
Potions
 f - 2 potions of magic
 j - a potion of ambrosia
 u - 3 potions of resistance
 x - 9 potions of brilliance
 z - 22 potions of curing
 B - a potion of cancellation
 C - a potion of haste
 D - 3 potions of berserk rage
 W - 2 potions of mutation
 Y - 4 potions of might
Miscellaneous
 A - the horn of Geryon
 F - a condenser vane (2/2)
 P - a phantom mirror
 U - a tin of tremorstones (3/3)


   Skills:
 O Level 27 Fighting
 O Level 27 Axes
 - Level 4.7(19.1) Maces & Flails
 - Level 2.0 Throwing
 O Level 27 Armour
 - Level 26.3 Dodging
   Level 5.8 Shields
 + Level 10.6 Spellcasting
 + Level 11.9 Hexes
 + Level 12.8 Air Magic
 - Level 17.3 Invocations
 - Level 22.9 Evocations


You had 42 spell levels left.
You knew the following spells:

 Your Spells              Type           Power        Failure   Level
a - Silence               Hex/Air        ####......   9%          5

Your spell library contained the following spells:

 Spells                   Type           Power        Failure   Level
 Corona                   Hex            ###....      1%          1
 Slow                     Hex            ###.....     1%          2
 Swiftness                Air            ####....     1%          2
 Confusing Touch          Hex            ###.....     1%          3
 Tukima's Dance           Hex            ###.....     1%          3
 Airstrike                Air            ####......   2%          4
 Shock                    Conj/Air       ###.         3%          1
 Cause Fear               Hex            ###.......   3%          4
 Corpse Rot               Necr/Air       N/A          5%          2
 Poisonous Vapours        Pois/Air       ###...       5%          2
 Ensorcelled Hibernation  Hex/Ice        ###...       7%          2
 Static Discharge         Conj/Air       ###.....     12%         3
 Dazzling Flash           Conj/Hex       ##....       13%         3
 Inner Flame              Hex/Fire       ##......     13%         3
 Portal Projectile        Hex/Tloc       ##....       13%         3
 Summon Guardian Golem    Hex/Summ       ##......     13%         3
 Mephitic Cloud           Conj/Pois/Air  ##......     28%         3
 Summon Lightning Spire   Summ/Air       ###.....     36%         4
 Fulminant Prism          Conj/Hex       ##........   43%         4
 Leda's Liquefaction      Hex/Erth       ##........   43%         4
 Animate Skeleton         Necr           #.....       50%         1
 Apportation              Tloc           #.....       50%         1
 Foxfire                  Conj/Fire      #...         50%         1
 Freeze                   Ice            #...         50%         1
 Magic Dart               Conj           #...         50%         1
 Pain                     Necr           #...         50%         1
 Sandblast                Erth           #.....       50%         1
 Sting                    Tmut/Pois      #...         50%         1
 Summon Small Mammal      Summ           #...         50%         1
 Invisibility             Hex            ###.....     54%         6
 Blink                    Tloc           N/A          63%         2
 Call Imp                 Summ           #.......     63%         2
 Passwall                 Tmut/Erth      #.......     63%         2
 Searing Ray              Conj           #.....       63%         2
 Lightning Bolt           Conj/Air       ###.......   73%         5
 Metabolic Englaciation   Hex/Ice        ###.......   80%         5
 Summon Mana Viper        Hex/Summ       ##......     80%         5
 Yara's Violent Unravell  Hex/Tmut       ##........   80%         5
 Call Canine Familiar     Summ           #.......     86%         3
 Conjure Flame            Conj/Fire      #.......     86%         3
 Frozen Ramparts          Ice            #.....       86%         3
 Gell's Gravitas          Tloc           #.........   86%         3
 Ignite Poison            Fire/Tmut/Pois #.......     86%         3
 Lesser Beckoning         Tloc           #.........   86%         3
 Ozocubu's Armour         Ice            #.......     86%         3
 Stone Arrow              Conj/Erth      #.....       86%         3
 Teleport Other           Tloc           #.......     86%         3
 Vampiric Draining        Necr           #.........   86%         3
 Animate Dead             Necr           #.........   99%         4
 Hailstorm                Conj/Ice       #.......     99%         4
 Ice Form                 Ice/Tmut       #.......     99%         4
 Iskenderun's Mystic Bla  Conj/Tloc      #.......     99%         4
 Olgreb's Toxic Radiance  Pois           #.......     99%         4
 Passage of Golubria      Tloc           N/A          99%         4
 Summon Ice Beast         Ice/Summ       #.......     99%         4
 Agony                    Necr           #.......     100%        5
 Alistair's Intoxication  Tmut/Pois      #........    100%        5
 Bolt of Magma            Conj/Fire/Erth #.........   100%        5
 Fireball                 Conj/Fire      #.........   100%        5
 Irradiate                Conj/Tmut      #.........   100%        5
 Lee's Rapid Deconstruct  Erth           #.........   100%        5
 Summon Demon             Summ           #.........   100%        5
 Summon Forest            Summ/Tloc      #.........   100%        5
 Conjure Ball Lightning   Conj/Air       ###.......   100%        6
 Eringya's Noxious Bog    Tmut/Pois      #.........   100%        6
 Freezing Cloud           Conj/Ice/Air   ###.......   100%        6
 Hydra Form               Tmut           #.........   100%        6
 Iron Shot                Conj/Erth      #.........   100%        6
 Ozocubu's Refrigeration  Ice            #.........   100%        6
 Shadow Creatures         Summ           N/A          100%        6
 Simulacrum               Ice/Necr       #.........   100%        6
 Starburst                Conj/Fire      #.........   100%        6
 Statue Form              Tmut/Erth      #........    100%        6
 Dragon Form              Tmut           #.........   100%        7
 Summon Hydra             Summ           #.........   100%        7
 Chain Lightning          Conj/Air       ###.......   100%        8
 Discord                  Hex            ###.......   100%        8
 Ignition                 Fire           #.........   100%        8
 Lehudib's Crystal Spear  Conj/Erth      #.........   100%        8
 Absolute Zero            Ice            #.........   100%        9
 Dragon's Call            Summ           #.........   100%        9
 Fire Storm               Conj/Fire      #.........   100%        9
 Shatter                  Erth           #.........   100%        9
 Tornado                  Air            ####......   100%        9


Dungeon Overview and Level Annotations

Branches:
Dungeon (15/15)            Temple (1/1) D:4            Lair (6/6) D:11
  Swamp (4/4) Lair:2        Snake (4/4) Lair:4        Slime (5/5) Lair:5
    Orc (2/2) D:12            Elf (3/3) Orc:2        Vaults (5/5) D:14
  Crypt (3/3) Vaults:2       Tomb (3/3) Crypt:3      Depths (5/5) D:15
   Hell (visited)             Dis (7/7) Hell            Geh (7/7) Hell
    Coc (7/7) Hell            Tar (7/7) Hell            Zot (4/5) Depths:5
 WizLab (visited)         Gauntlet (visited)

Altars:
Ashenzari
Cheibriados
Dithmenos
Elyvilon
Fedhas
Gozag
Hepliaklqana
Kikubaaqudgha
Makhleb
Nemelex Xobeh
Okawaru
Qazlal
Ru
Sif Muna
Trog
Uskayaw
Vehumet
Wu Jian
Xom
Yredelemnul
Zin
The Shining One
Beogh
Jiyva

Shops:
D:5 [:[   D:6 [   D:10 ((?[   D:14 =   Orc:2 [=:[*   Elf:3 }==   Snake:2 (
Vaults:1 }   Vaults:4 *![*   Depths:2 *   Depths:5 *

Portals:
Hell: Depths:1* Depths:2 Depths:3 Depths:4 Depths:5
Abyss: Depths:3 Depths:4 Depths:5
Pandemonium: Depths:1 Depths:3
Ziggurat: Depths:4

Annotations:
D:5 2 transporters, Gigglenaut's ghost, novice DsGl
D:9 exclusion: ice statue
D:13 1 transporter, Duycut's ghost, journeyman DECj
D:15 2 transporters, Lufiros's ghost, journeyman MiFi
Swamp:2 3 runed translucent doors, Bool's ghost, journeyman DDFi
Crypt:1 2 transporters, exclusion: obsidian statue
Depths:5 3 runed translucent doors, Vuhuwkui's ghost, adept TrMo
Zot:1 2 runed translucent doors, Vapurghao's ghost, master MiBr


Innate Abilities, Weirdness & Mutations

You reflexively headbutt those who attack you in melee.
You have a pair of horns on your head.
You have very sharp teeth.
Scrolls take you a little longer to read.
You possess an exceptional clarity of mind.
Your body sometimes deteriorates upon taking damage.
You are frail. (-10% HP)
Your system is resistant to poisons. (rPois)
You are very weak. (Str -4)
You evolve.
Your spells are a little easier to cast, but a little less powerful.
You expend magic power (3 MP) to strengthen your wands.


Message History

You hear a hideous shriek! x2
Really read with blurry vision while enemies are nearby?
You are engulfed in dark miasma.
You are more poisoned.
You feel your flesh rotting away!
* * * LOW HITPOINT WARNING * * *
x2 You feel sick.
The guardian mummy misses you.
You begin reading the scroll.
You continue reading the scroll.
You are engulfed in dark miasma.
* * * LOW HITPOINT WARNING * * *
x2 You feel sick.
The guardian mummy misses you. You furiously retaliate!
You headbutt the guardian mummy!
The emperor scorpion stings you but does no damage.
The emperor scorpion claws you but does no damage. x2
The phantasmal warrior blinks!
The emperor scorpion stings you but does no damage.
The emperor scorpion misses you. The emperor scorpion claws you.
* * * LOW HITPOINT WARNING * * *
The smoke demon gestures at you. Something smites you!
You die...

******* ######## ****** **,,,,,**
#...W..# **,,,,**
**,,,,,,,**#......#**^,,,,,**
**,,,,,,,^,*#°...§(#*,,,,,,,,*
**,,,,,,,,,,*#.M3...#*,,,,,,,,,
**,,,,,,,,,,,,#☼MM.^.#,,,,,,,,,,
**,,,,,,,,,,,,,#@ssV..#,,,,,,,,,,
*,,,,,,,,.....MssMssM.+,,,,,,,,,,
,,,,,,,,,......#8VM8WW#,,,,,,,,,,
,,,,,,,,,......#888M4.#,,,,,,,,,,
,,,,,,,,,.....*#8MM88z#*,,,,^,,,,
,,,,,,,,,.....*#8MMMMM#*,,,,,^,,,
,,,,,,,^,....**MMMW{M88#*,,,,,,,,
*,,,,^,,,..<#*,4MM33..8M**<,,,,,,
*,,,,^,,,,,**,,,,,,,,,,,^**,,,,,,


You could see 4 greater mummies, 6 emperor scorpions, 2 mummy priests, a
skeletal warrior, a sun demon (summoned), an orange demon (summoned), a
phantasmal warrior (summoned), a hellwing (summoned), 9 guardian mummies, 12
ushabtiu, a freezing wraith (summoned), a smoke demon (summoned), a neqoxec
(summoned), 2 vampires, 2 wraiths and 7 mummies.

Vanquished Creatures
  Asmodeus (Geh:7)
  Antaeus (Coc:7)
  the Royal Jelly (Slime:5)
  Ereshkigal (Tar:7)
  the Serpent of Hell (Tar:7)
  Dispater (Dis:7)
  Tiamat (Zot:2)
  3 ancient liches
  An orb of fire (Zot:4)
  Mennas (Vaults:4)
  4 greater mummies (Tomb:2)
  Boris (4 times) (Vaults:4 Vaults:5 Crypt:2 Tomb:2)
  19 shard shrikes
  Margery (Depths:3)
  A Killer Klown (Zot:2)
  A curse toe (Zot:4)
  Saint Roka (Vaults:5)
  9 golden dragons
  Geryon (Hell)
  A profane servitor (Abyss:4)
  Jory (Crypt:2)
  14 bone dragons
  18 Tzitzimimeh
  10 Brimstone Fiends
  2 electric golems (Zot:4)
  6 iron giants
  10 doom hounds
  5 Hell Sentinels (Dis:7)
  14 liches
  Rupert (Lair:3)
  18 tentacled monstrosities
  2 deep elf blademasters (Elf:3)
  11 Ice Fiends
  4 deep elf master archers (Elf:3)
  6 quicksilver dragons
  15 titans
  4 Executioners (Dis:7)
  14 acid blobs
  12 sphinxes
  5 death cobs
  13 shadow dragons
  19 ancient champions
  Kirke (Abyss:1)
  7 tentacled starspawn
  6 tengu reavers
  2 thorn hunters
  16 storm dragons
  Frances (Swamp:2)
  5 nagarajas (Snake:4)
  8 draconian monks
  A revenant (Hell)
  13 azure jellies
  A daeva (Abyss:4)
  10 fire giants
  6 draconian knights
  19 vault wardens
  3 iron dragons
  14 frost giants
  8 deep elf sorcerers
  Louise (Depths:4)
  10 balrugs
  6 ghouls
  2 cacodemons
  7 draconian scorchers
  4 spriggan defenders
  8 draconian shifters
  15 ironheart preservers
  7 deep elf elementalists
  18 stone giants
  11 war gargoyles
  40 reapers
  4 bennus (Tomb:2)
  12 draconian stormcallers
  2 juggernaut skeletons (Crypt:2)
  3 elemental wellsprings (Coc:7)
  11 draconian annihilators
  16 vampire knights
  A caustic shrike skeleton (Crypt:2)
  6 deep elf demonologists
  34 very ugly things
  3 entropy weavers
  13 black draconians
  12 green draconians
  10 spark wasps
  8 deep elf annihilators
  13 purple draconians
  A dire elephant (Depths:2)
  10 red draconians
  11 white draconians
  10 yellow draconians
  A minotaur (Gauntlet)
  20 ettins
  2 green deaths
  A merfolk impaler (Abyss:4)
  An eidolon (Crypt:2)
  8 blizzard demons
  10 death oozes (Slime:5)
  A kraken zombie (Coc:5)
  2 merfolk javelineers (Depths:5)
  4 deep elf death magi
  10 jiangshi
  14 mummy priests
  5 quicksilver dragon zombies
  5 fire dragons
  A crystal guardian (Vaults:4)
  6 great orbs of eyes
  5 deep elf high priests
  18 yaktaur captains
  34 vault guards
  8 spriggan air magi
  3 ghost crabs
  7 naga warriors
  9 hydras
  5 rakshasas
  4 quicksilver dragon skeletons
  2 hell beasts
  3 shambling mangroves
  9 centaur warriors
  24 ice dragons
  14 anacondas
  A death yak (Lair:6)
  17 ogre magi
  14 deep troll shamans
  30 death scarabs
  A two-headed ogre (shapeshifter) (Vaults:5)
  4 tengu warriors
  9 death knights
  49 two-headed ogres
  15 alligators
  A queen ant (Lair:6)
  10 deep troll earth magi
  4 orc high priests (Orc:2)
  22 dancing weapons
  6 titan zombies
  7 spriggan berserkers
  8 vampire magi
  30 hell hogs
  9 naga sharpshooters
  Urug (Lair:1)
  3 iron golems (Hell)
  Sonja (Lair:4)
  7 spriggans
  5 storm dragon zombies
  5 shock serpents
  13 thrashing horrors
  6 soul eaters
  11 sun demons
  7 iron trolls
  4 salamander mystics
  15 deep elf knights
  A sixfirhy (Abyss:2)
  5 wretched stars
  175 skeletal warriors
  45 hell knights
  A fire crab (Gauntlet)
  3 ghost moth zombies
  11 anaconda zombies
  12 shadow wraiths
  A spatial maelstrom (Abyss:4)
  31 deep trolls
  4 golden dragon zombies
  9 titan skeletons
  3 storm dragon skeletons
  4 glowing orange brains
  15 shadow demons
  A spriggan druid (Swamp:3)
  6 unseen horrors
  An infernal demonspawn (Depths:3)
  19 flayed ghosts
  10 sea snakes (Snake:2)
  A kraken simulacrum (Hell)
  2 death drakes (Tar:6)
  3 swamp dragons
  2 unseen horrors (shapeshifter)
  5 wizards
  7 naga ritualists
  8 harpies
  6 golden dragon skeletons
  26 large abominations
  4 anaconda skeletons
  11 orc knights
  A harpy (shapeshifter) (Depths:2)
  21 phantasmal warriors
  11 ironbrand convokers
  15 necromancers
  15 deep elf archers
  7 iron dragon zombies
  62 ugly things
  6 shadow dragon zombies
  11 wolf spider zombies
  6 wolf spiders
  11 mana vipers
  70 deep elf magi
  8 salamanders
  5 fire giant zombies
  An orb spider (shapeshifter) (D:13)
  4 frost giant zombies
  2 human zombies (Vaults:4)
  3 orc sorcerers
  3 human skeletons
  4 shining eyes
  8 shadow dragon skeletons
  7 cyclopes
  9 guardian serpents
  5 frost giant skeletons
  2 black mambas (shapeshifter)
  8 stone giant zombies
  An eye of devastation (shapeshifter) (Vaults:2)
  A shock serpent zombie (Geh:7)
  10 fire giant skeletons
  38 rust devils
  16 moths of wrath
  8 naga magi
  7 stone giant skeletons
  An eye of devastation (Slime:5)
  25 black mambas
  3 iron dragon skeletons
  3 apocalypse crabs
  19 cane toads
  6 dire elephant skeletons
  14 vault sentinels
  3 dire elephant zombies
  An ice statue (Coc:7)
  A cane toad (shapeshifter) (Vaults:1)
  4 shock serpent skeletons
  2 orange demons
  16 smoke demons
  3 molten gargoyles (Geh:7)
  3 centaur skeletons
  2 minotaur zombies
  2 red draconian zombies
  43 freezing wraiths
  27 hellions
  A grey draconian zombie (Crypt:1)
  4 rime drakes
  A rime drake (shapeshifter) (Vaults:3)
  6 efreet
  4 emperor scorpion zombies
  6 komodo dragons
  An anaconda simulacrum (Crypt:1)
  47 yaktaurs
  25 tormentors
  A demonic crawler (Hell)
  38 guardian mummies
  31 ice devils
  6 harpy zombies
  A golden dragon simulacrum (Hell)
  3 tengu conjurers
  6 ancient zymes
  2 silent spectres
  A red draconian skeleton (Crypt:3)
  15 red devils
  A catoblepas skeleton (Geh:6)
  A jumping spider (Vaults:4)
  10 harpy skeletons
  10 tyrant leeches
  19 hydra zombies
  A jumping spider (shapeshifter) (D:15)
  9 trolls
  4 hydra skeletons
  6 ettin zombies
  A pale draconian skeleton (Crypt:2)
  10 bog bodies
  A hornet (shapeshifter) (Vaults:2)
  A slime creature (shapeshifter) (Depths:1)
  7 alligator zombies
  13 hornets
  4 ice dragon zombies
  91 slime creatures
  29 blink frogs
  A stone giant simulacrum (Vaults:2)
  Prince Ribbit (D:6)
  9 hippogriffs
  23 raiju
  A hippogriff (shapeshifter) (Depths:4)
  2 black mamba zombies
  2 fire dragon zombies
  An air elemental (Elf:1)
  2 frost giant simulacra
  83 flying skulls
  A meliai zombie (D:15)
  3 ynoxinuls
  8 ettin skeletons
  5 redbacks
  9 ice dragon skeletons
  28 shadows
  5 wyverns
  2 alligator skeletons
  4 fire dragon skeletons
  19 water elementals
  26 wraiths
  27 yaks
  5 vampires
  A dire elephant simulacrum (Tomb:2)
  9 ushabtiu
  10 hogs
  4 fire bats (Gauntlet)
  A black mamba skeleton (Geh:7)
  21 fire elementals
  A human (D:8)
  3 golden eyes (Slime:5)
  2 steam dragons (D:9)
  2 basilisks
  A golden eye (shapeshifter) (Depths:1)
  A neqoxec (Abyss:2)
  25 vampire mosquitoes
  5 swamp worm simulacra (Swamp:4)
  A yaktaur simulacrum (Vaults:1)
  10 chaos spawn
  27 nagas
  A torturous demonspawn zombie (Crypt:3)
  9 swamp worms
  3 acid dragons
  16 cane toad zombies
  A two-headed ogre zombie (WizLab)
  11 wargs
  3 merfolk zombies
  17 hydra simulacra
  2 soldier ants (shapeshifter)
  4 insubstantial wisps (Swamp:3)
  21 soldier ants (Lair:6)
  25 water moccasins
  5 floating eyes
  7 porcupines
  64 hell hounds
  A porcupine (shapeshifter) (Vaults:5)
  2 swamp dragon zombies
  3 sky beasts
  A lindwurm zombie (Crypt:3)
  6 swamp drakes
  14 phantoms
  3 black bears
  A blink frog zombie (Crypt:3)
  6 ice beasts
  32 orc warriors
  A manticore zombie (Geh:1)
  16 necrophages
  A spriggan simulacrum (Depths:2)
  6 wolves (Lair:4)
  24 centaurs
  47 ogres
  5 snapping turtle zombies
  3 eyes of draining
  13 boggarts
  4 manticore skeletons
  6 snapping turtle skeletons
  9 crocodiles
  A centaur (shapeshifter) (Vaults:4)
  32 small abominations
  2 swamp dragon skeletons
  2 big kobolds
  A big kobold (shapeshifter) (Depths:4)
  A komodo dragon zombie (Crypt:3)
  17 bullfrogs
  A cane toad simulacrum (Abyss:2)
  3 earth elementals
  A cyclops zombie (Crypt:1)
  A wyvern zombie (D:9)
  3 scorpions
  An elf simulacrum (Vaults:2)
  100 wights
  11 killer bees
  A queen bee zombie (Crypt:1)
  A polar bear skeleton (Crypt:3)
  8 troll zombies (WizLab)
  9 electric eels
  8 crimson imps
  4 centaur zombies
  2 bullfrog zombies
  16 starcursed masses
  5 jellies
  A quasit (Abyss:3)
  A human simulacrum (Vaults:2)
  3 bullfrog skeletons
  30 orc priests
  A demonspawn zombie (Crypt:3)
  6 hounds
  21 iron imps
  A soldier ant zombie (Crypt:1)
  A gnoll shaman (D:7)
  3 iguanas
  22 orc wizards
  Natasha (twice) (D:3)
  24 worker ants
  10 ogre zombies
  A tengu zombie (Dis:7)
  A naga skeleton (Tar:7)
  2 hound skeletons
  58 mummies
  9 gnolls
  6 adders
  An ogre simulacrum (Abyss:4)
  16 shadow imps
  13 white imps
  3 ufetubi
  3 oozes
  3 swamp drake simulacra (Swamp:4)
  3 adder zombies
  An adder skeleton (D:9)
  3 worms (D:3)
  3 dart slugs (D:1)
  5 leopard geckos
  109 orcs
  7 giant cockroaches
  3 goblins
  4 hobgoblins
  19 jackals
  14 kobolds
  8 quokkas
  4 ball pythons
  4 bats
  4 frilled lizards
  A goblin skeleton (D:12)
  3 goblin zombies (D:12)
  2 hobgoblin skeletons
  3 hobgoblin zombies (D:12)
  2 kobold zombies
  A leopard gecko skeleton (D:5)
  2 orc skeletons
  15 orc zombies (D:12)
  A quokka skeleton (D:7)
  5 rats
  2 rat zombies (D:2)
  7 crawling corpses
  A fire vortex (Depths:1)
  10 starspawn tentacles
  2 tentacles (Coc:5)
4157 creatures vanquished.

Vanquished Creatures (collateral kills)
  A lich (Tomb:2)
  An acid blob (Slime:5)
  A nagaraja (Snake:4)
  A death ooze (Slime:5)
  A vault guard (Vaults:5)
  A cane toad (Lair:6)
  An ushabti (Tomb:3)
  A naga (Snake:4)
  A bullfrog (Lair:6)
  3 mummies (Tomb:2)
12 creatures vanquished.

Vanquished Creatures (others)
  A tentacled monstrosity (Vaults:5)
  A draconian stormcaller (Zot:1)
  2 elemental wellsprings (Coc:7)
  A spriggan air mage (Depths:4)
  3 hell hogs
  A skeletal warrior (Crypt:3)
  A deep elf mage (Elf:1)
  A hellion (Geh:6)
  2 wraiths
  A naga (Snake:4)
  An orc warrior (Vaults:5)
  A boggart (Depths:4)
  An ogre (Vaults:2)
  A wight (Geh:3)
  A crimson imp (Geh:7)
  An iron imp (Abyss:2)
  An orc (Vaults:3)
  A ball python (Snake:2)
  A bush (Lair:4)
  2 demonic plants
  51 fungi
  155 plants
  9 starspawn tentacles
  10 tentacles
  4 toadstools (Depths:5)
254 creatures vanquished.

Grand Total: 4423 creatures vanquished

Notes
Turn   | Place    | Note
-------+----------+-------------------------------------------
     0 | D:1      | Tross the Minotaur Gladiator began the quest for the Orb.
     0 | D:1      | Reached XP level 1. HP: 18/18 MP: 0/0
   288 | D:1      | Reached XP level 2. HP: 25/25 MP: 1/1
   589 | D:1      | Reached XP level 3. HP: 29/31 MP: 2/2
  1090 | D:2      | Found an ancient bone altar of Kikubaaqudgha.
  1618 | D:3      | Noticed Natasha
  1624 | D:3      | Killed Natasha
  1624 | D:3      | Reached skill level 5 in Axes
  1624 | D:3      | Reached XP level 4. HP: 38/38 MP: 3/3
  1650 | D:3      | Noticed an orc warrior
  1660 | D:3      | Killed an orc warrior
  1660 | D:3      | Reached XP level 5. HP: 29/46 MP: 4/4
  2066 | D:3      | Noticed Natasha
  2071 | D:3      | Killed Natasha
  2163 | D:4      | Reached XP level 6. HP: 46/52 MP: 5/5
  2629 | D:4      | Found a staircase to the Ecumenical Temple.
  2642 | Temple   | Entered the Ecumenical Temple
  2748 | Temple   | Became a worshipper of Makhleb the Destroyer
  3275 | D:5      | Entered Level 5 of the Dungeon
  3368 | D:5      | Reached skill level 5 in Dodging
  3422 | D:5      | Found Lueriff's Armour Boutique.
  3468 | D:5      | Reached skill level 1 in Shields
  3468 | D:5      | Reached XP level 7. HP: 51/60 MP: 6/6
  3469 | D:5      | Reached skill level 5 in Fighting
  3471 | D:5      | Reached * piety under Makhleb
  3520 | D:5      | Found a transporter.
  3526 | D:5      | Found a transporter.
  3732 | D:5      | Noticed Gigglenaut's ghost (novice DsGl)
  3781 | D:5      | Found Geustraga's Armour Boutique.
  3807 | D:5      | Found Emiutez's Book Shoppe.
  4050 | D:6      | Noticed Prince Ribbit
  4248 | D:6      | Reached XP level 8. HP: 70/70 MP: 7/7
  4257 | D:6      | Found Nucsewik's Antique Armour Boutique.
  4285 | D:6      | Reached skill level 1 in Armour
  4286 | D:6      | Killed Prince Ribbit
  4553 | D:6      | Reached ** piety under Makhleb
  4795 | D:6      | Reached skill level 1 in Invocations
  5162 | D:7      | Reached skill level 10 in Axes
  5243 | D:7      | Reached XP level 9. HP: 74/78 MP: 10/10
  5940 | D:8      | Reached *** piety under Makhleb
  6593 | D:9      | Reached XP level 10. HP: 90/90 MP: 12/12
  6613 | D:9      | Noticed a two-headed ogre
  6622 | D:9      | Noticed a purple ugly thing
  6625 | D:9      | Killed a two-headed ogre
  6634 | D:9      | Killed a purple ugly thing
  6742 | D:9      | Noticed an ice statue
  6768 | D:9      | Reached **** piety under Makhleb
  7126 | D:10     | Entered Level 10 of the Dungeon
  7134 | D:9      | Reached skill level 10 in Fighting
  7329 | D:10     | Found Repsydon's Antique Weapon Boutique.
  7384 | D:10     | Found Hoijen's Antique Weapon Shop.
  7528 | D:10     | Found Ynaoff's Antique Armour Emporium.
  7744 | D:10     | Found Ushoum's Magic Scroll Emporium.
  8626 | D:11     | Noticed a brown ugly thing
  8637 | D:11     | Killed a brown ugly thing
  8641 | D:11     | Reached XP level 11. HP: 101/101 MP: 13/13
  8685 | D:11     | Reached ***** piety under Makhleb
  8692 | D:11     | Noticed a white ugly thing
  9107 | D:10     | Killed a white ugly thing
  9407 | D:11     | Found a staircase to the Lair.
  9411 | D:11     | Reached skill level 5 in Armour
  9727 | D:11     | Noticed a two-headed ogre
  9737 | D:11     | Killed a two-headed ogre
  9836 | D:11     | Noticed a two-headed ogre
  9843 | D:11     | Killed a two-headed ogre
 10015 | Lair:1   | Entered Level 1 of the Lair of Beasts
 10157 | Lair:1   | Noticed Urug
 10173 | Lair:1   | Killed Urug
 10173 | Lair:1   | Reached skill level 5 in Invocations
 10663 | Lair:1   | Found a glowing silver altar of Zin.
 10872 | Lair:2   | Found a staircase to the Swamp.
 11674 | Lair:3   | Reached XP level 12. HP: 101/108 MP: 15/15
 11768 | Lair:3   | Reached skill level 1 in Evocations
 11863 | Lair:3   | Noticed a six-headed hydra
 11878 | Lair:3   | Killed an eight-headed hydra
 11917 | Lair:3   | Reached skill level 15 in Axes
 12104 | Lair:3   | Reached skill level 10 in Dodging
 12595 | Lair:4   | Found a staircase to the Snake Pit.
 12894 | Lair:4   | Noticed Rupert
 12918 | Lair:3   | Killed Rupert
 13297 | Lair:4   | You fall into a shaft and drop 1 floor!
 13297 | Lair:5   | Found a staircase to the Slime Pits.
 13297 | Lair:5   | Found a viscous altar of Jiyva.
 13422 | Lair:5   | Noticed a seven-headed hydra
 13430 | Lair:5   | Banished an eight-headed hydra
 13686 | Lair:5   | Found a snail-covered altar of Cheibriados.
 13780 | Lair:5   | Noticed a six-headed hydra
 13796 | Lair:5   | Banished an eight-headed hydra
 14006 | Lair:5   | Reached XP level 13. HP: 118/118 MP: 16/16
 14332 | Lair:6   | Entered Level 6 of the Lair of Beasts
 14355 | Lair:6   | Reached skill level 5 in Evocations
 14526 | Lair:6   | Noticed an entropy weaver
 14532 | Lair:6   | Banished an entropy weaver
 14550 | Lair:6   | Reached skill level 10 in Armour
 14565 | Lair:6   | Noticed an entropy weaver
 14611 | Lair:6   | Banished an entropy weaver
 14631 | Lair:6   | Reached ****** piety under Makhleb
 15313 | Lair:6   | Reached XP level 14. HP: 130/130 MP: 17/17
 15605 | Lair:4   | Noticed Kirke
 15605 | Lair:4   | Noticed Sonja
 15607 | Lair:4   | Banished Kirke
 15617 | Lair:4   | Killed Sonja
 16336 | D:12     | Found a staircase to the Orcish Mines.
 16405 | Orc:1    | Entered Level 1 of the Orcish Mines
 16429 | Orc:1    | Found a roughly hewn altar of Beogh.
 16650 | Orc:2    | Entered Level 2 of the Orcish Mines
 16654 | Orc:2    | Found Icant's Book Shoppe.
 16768 | Orc:2    | Found a staircase to the Elven Halls.
 16936 | Orc:2    | Found a roughly hewn altar of Beogh.
 17158 | Orc:2    | Found Cuezef's Antique Armour Emporium.
 17179 | Orc:2    | Found Nuvungit's Jewellery Shop.
 17337 | Orc:2    | Found Honaocos's Antique Armour Emporium.
 17344 | Orc:2    | Reached skill level 15 in Fighting
 17392 | Orc:2    | Found Vauff's General Store.
 17711 | D:5      | Bought +1 gold dragon scales for 1218 gold pieces
 18637 | D:13     | Found a transporter.
 18638 | D:13     | Found a transporter.
 18646 | D:13     | Noticed Duycut's ghost (journeyman DECj)
 18751 | D:13     | Reached XP level 15. HP: 140/141 MP: 18/18
 19116 | D:14     | Found Ediunig's Jewellery Emporium.
 19182 | D:14     | Found a gate leading to a gauntlet.
 19200 | Gauntlet | Entered a Gauntlet
 19200 | Gauntlet | Found a transporter.
 19200 | Gauntlet | Found a transporter.
 19200 | Gauntlet | Found a transporter.
 19201 | Gauntlet | Found a transporter.
 19204 | Gauntlet | Found a transporter.
 19226 | Gauntlet | Found a transporter.
 19232 | Gauntlet | Found a transporter.
 19240 | Gauntlet | Found a transporter.
 19245 | Gauntlet | Found a transporter.
 19269 | Gauntlet | Found a transporter.
 19276 | Gauntlet | Found a transporter.
 19372 | Gauntlet | Found a transporter.
 19542 | Gauntlet | Got a scintillating lead amulet
 19553 | Gauntlet | Identified the amulet of Vehumet's Vengeance {Spirit Str+2
                  | Int+3 Dex+5} (You found it in a Gauntlet)
 19599 | Gauntlet | Got a jewelled cloak
 19610 | Gauntlet | Identified the cursed -2 cloak "Agihamio" {Rampage +Fly
                  | rPois Dex-2} (You found it in a Gauntlet)
 20853 | D:14     | Found a gate to the Vaults.
 20897 | D:15     | Entered Level 15 of the Dungeon
 20910 | D:15     | Found a flickering gateway to a bazaar.
 20924 | Bazaar   | Entered a bazaar
 20924 | Bazaar   | Found Wahuupua's Book Shop.
 20924 | Bazaar   | Found Elozem's Assorted Antiques.
 20924 | Bazaar   | Found Tuoth's Book Boutique.
 20924 | Bazaar   | Found Keothac's Magic Scroll Boutique.
 20924 | Bazaar   | Found Boetzutz's Jewellery Shop.
 20937 | Bazaar   | Bought a scroll of enchant armour for 105 gold pieces
 20937 | Bazaar   | Bought a scroll of enchant armour for 105 gold pieces
 21075 | D:15     | Noticed Lufiros's ghost (journeyman MiFi)
 21094 | D:15     | Found a transporter.
 21124 | D:15     | Found a transporter.
 21217 | D:15     | Found a staircase to the Depths.
 21553 | D:15     | Got a sparkling gossamer ring
 22142 | Snake:1  | Entered Level 1 of the Snake Pit
 22204 | Snake:1  | Reached skill level 15 in Armour
 22208 | Snake:1  | Reached XP level 16. HP: 103/155 MP: 10/19
 22572 | Snake:1  | Found a flickering gateway to a bazaar.
 22579 | Bazaar   | Entered a bazaar
 22610 | Bazaar   | Found Ytroon's Distillery.
 22610 | Bazaar   | Found Vef Gatz's Jewellery Emporium.
 22681 | Bazaar   | Bought the ring "Eqoakuwk" {Ice +Blink Str+9 Int-3 Slay+6}
                  | for 1152 gold pieces
 22681 | Bazaar   | Identified the ring "Ego Suist" {rF+ Str+6 Dex+4 Stlth-}
                  | (You found it on level 15 of the Dungeon)
 23577 | Snake:2  | Found a hide-covered altar of Uskayaw.
 23578 | Snake:2  | Found Miorph's Antique Weapon Shoppe.
 23956 | Snake:3  | Found a blossoming altar of Fedhas.
 24648 | Snake:4  | Entered Level 4 of the Snake Pit
 25222 | Snake:4  | Reached XP level 17. HP: 152/165 MP: 13/21
 26220 | Snake:4  | Got a serpentine rune of Zot
 26648 | Elf:1    | Entered Level 1 of the Elven Halls
 26821 | Elf:1    | Cast into level 2 of the Abyss (a deep elf sorcerer)
 26929 | Abyss:2  | Identified the +2 tower shield of Guhosuqa {*Slow Int+5
                  | Stlth+}
 26943 | Abyss:2  | Noticed a lich
 26948 | Abyss:2  | Noticed an Ice Fiend
 27052 | Abyss:2  | Gained mutation: Armour fits poorly on your strangely
                  | shaped body. [a cacodemon]
 27325 | Elf:1    | Escaped the Abyss
 27329 | Elf:1    | Reached XP level 18. HP: 139/140 MP: 22/24
 27349 | Elf:1    | Lost mutation: Armour fits poorly on your strangely shaped
                  | body. [potion of mutation]
 27349 | Elf:1    | Gained mutation: You have large cloven feet. [potion of
                  | mutation]
 27349 | Elf:1    | Gained mutation: You have supernaturally acute eyesight.
                  | (SInv) [potion of mutation]
 27443 | Elf:1    | Identified Mnoleg's Guide on Companions
 27986 | Elf:1    | Identified the Almanac of Attacks and Companions
 28108 | Elf:2    | Reached skill level 10 in Invocations
 28422 | Elf:2    | Found a runed translucent gate.
 28422 | Elf:2    | Found a runed translucent gate.
 28423 | Elf:2    | Found a runed translucent gate.
 29023 | Elf:3    | Entered Level 3 of the Elven Halls
 29295 | Elf:3    | Found Usaruaxyv's Gadget Shop.
 29296 | Elf:3    | Found Kotwener's Jewellery Emporium.
 29296 | Elf:3    | Found Qusomm's Jewellery Emporium.
 29309 | Elf:3    | Bought a phantom mirror for 420 gold pieces
 29697 | Elf:3    | Noticed a Brimstone Fiend
 29702 | Elf:3    | Reached XP level 19. HP: 178/185 MP: 16/26
 29787 | Elf:3    | Noticed a Brimstone Fiend
 29796 | Elf:3    | Noticed a Brimstone Fiend
 30076 | Elf:3    | Identified the Handbook of the Blaze and Clay
 30087 | Elf:3    | Identified Jatuf's Handbook of the Blaze and Summoning
 30101 | Elf:3    | Identified the ring "Paxzuhijo" {AC+4 Str+6} (You found it
                  | on level 3 of the Elven Halls)
 30107 | Elf:3    | Identified a scroll of acquirement
 30108 | Elf:3    | Acquired a manual of Dodging
 30231 | Elf:3    | Found the +18 shield of the Gong {rElec rN+ MR+ EV-5}
 30713 | Depths:1 | Entered Level 1 of the Depths
 30744 | Depths:1 | Reached skill level 15 in Dodging
 30789 | Depths:1 | Found a gateway to Hell.
 30958 | Depths:1 | Found a one-way gate leading to the halls of Pandemonium.
 31363 | Depths:2 | Reached XP level 20. HP: 187/198 MP: 23/28
 31673 | Depths:2 | Found Xacruzan's Assorted Antiques.
 32465 | Depths:3 | Noticed Margery
 32488 | Depths:3 | Killed Margery
 32983 | Depths:3 | Found a one-way gate to the infinite horrors of the Abyss.
 33016 | Depths:3 | Voluntarily entered the Abyss.
 33028 | Abyss:1  | Killed Kirke
 33028 | Abyss:1  | Reached XP level 21. HP: 206/206 MP: 27/30
 33077 | Depths:3 | Escaped the Abyss
 33776 | Depths:4 | Found a gateway to a ziggurat.
 34001 | Depths:4 | Noticed Louise
 34007 | Depths:4 | Cast into level 3 of the Abyss (Louise)
 34178 | Abyss:4  | Noticed a profane servitor
 34191 | Abyss:4  | Killed a profane servitor
 34534 | Abyss:5  | Entered Level 5 of the Abyss
 34552 | Abyss:5  | Found a corrupted altar of Lugonu.
 34719 | Abyss:5  | Reached XP level 22. HP: 215/215 MP: 29/31
 34837 | Abyss:5  | Got an abyssal rune of Zot
 34854 | Depths:4 | Escaped the Abyss
 34867 | Depths:4 | Killed Louise
 35398 | Vaults:1 | Entered Level 1 of the Vaults
 35993 | Vaults:1 | Found Gauj's Gadget Emporium.
 36756 | Vaults:2 | Identified the +8 plate armour of a treasure trove
                  | {*Corrode rElec rF+++ Stlth+} (You found it on level 2 of
                  | the Vaults)
 37003 | Vaults:2 | Found a staircase to the Crypt.
 37236 | Vaults:2 | Found the +8 glaive of the Guard {elec, +Rage AC+5 SInv}
 37500 | Vaults:2 | Reached XP level 23. HP: 223/223 MP: 27/32
 37773 | Vaults:3 | Found a magical portal.
 37815 | WizLab   | Entered Zonguldrok's Shrine
 37950 | WizLab   | Noticed an antique lich
 37956 | WizLab   | Killed an antique lich
 37962 | WizLab   | Found the +9 sword of Zonguldrok {reap}
 38159 | Vaults:3 | Paralysed by an ogre mage for 7 turns
 38371 | Vaults:3 | Paralysed by an orc sorcerer for 2 turns
 39250 | Vaults:4 | Found Kioruvvi's Assorted Antiques.
 39256 | Vaults:4 | Noticed Boris
 39276 | Vaults:4 | Killed Boris
 39293 | Vaults:4 | Bought a scroll of enchant armour for 255 gold pieces
 39344 | Vaults:4 | Reached skill level 27 in Axes
 39641 | Vaults:4 | Found Vogiuq's Assorted Antiques.
 39664 | Vaults:4 | Found Sifuja Kohag's Distillery.
 39669 | Vaults:4 | Found Setoi's Antique Armour Shop.
 39977 | Vaults:4 | Noticed Mennas
 40013 | Vaults:4 | Killed Mennas
 40135 | Vaults:4 | Reached XP level 24. HP: 233/233 MP: 30/32
 40592 | Vaults:5 | Entered Level 5 of the Vaults
 40632 | Vaults:5 | Noticed Saint Roka
 40741 | Vaults:5 | Noticed Boris
 40750 | Vaults:5 | Killed Boris
 40796 | Vaults:5 | Got a silver rune of Zot
 40854 | Vaults:5 | Paralysed by a sphinx for 7 turns
 40859 | Vaults:5 | Identified the +2 great sword of the Fulmar {antimagic,
                  | +Fly SInv}
 40875 | Vaults:5 | Killed Saint Roka
 40886 | Vaults:5 | Reached XP level 25. HP: 245/245 MP: 8/32
 40893 | Vaults:5 | Identified the +2 dire flail of Dithmenos's Delight
                  | {vorpal, +Fly MR+}
 42298 | Swamp:1  | Entered Level 1 of the Swamp
 43301 | Swamp:2  | Noticed Frances
 43308 | Swamp:2  | Killed Frances
 43332 | Swamp:2  | Reached skill level 1 in Maces & Flails
 43658 | Swamp:2  | Found a runed translucent gate.
 43660 | Swamp:2  | Found a runed translucent gate.
 43662 | Swamp:2  | Found a runed translucent gate.
 43946 | Swamp:2  | Noticed Bool's ghost (journeyman DDFi)
 44186 | Swamp:3  | Reached skill level 5 in Shields
 44675 | Swamp:4  | Entered Level 4 of the Swamp
 44986 | Swamp:4  | Identified the ring of Feadof {+Fly rF+ Int+4 Dex+3 SInv}
                  | (You found it on level 4 of the Swamp)
 45347 | Swamp:4  | Got a decaying rune of Zot
 45628 | Hell     | Entered the Vestibule of Hell
 45628 | Hell     | Noticed Geryon
 45731 | Hell     | Killed Geryon
 45829 | Hell     | Reached skill level 15 in Invocations
 45878 | Hell     | Found a gateway to the freezing wastes of Cocytus.
 45893 | Coc:1    | Entered Level 1 of Cocytus
 45935 | Coc:2    | Reached XP level 26. HP: 256/256 MP: 32/33
 46549 | Coc:7    | Entered Level 7 of Cocytus
 47444 | Coc:7    | Reached XP level 27. HP: 267/267 MP: 34/34
 47460 | Coc:7    | Noticed Antaeus
 47514 | Coc:7    | Killed Antaeus
 47662 | Coc:7    | Got an icy rune of Zot
 48064 | Hell     | Found a gateway to the Iron City of Dis.
 48069 | Dis:1    | Entered Level 1 of the Iron City of Dis
 48350 | Dis:1    | You fall into a shaft and drop 1 floor!
 49273 | Dis:5    | Reached skill level 10 in Evocations
 49872 | Dis:7    | Entered Level 7 of the Iron City of Dis
 50165 | Dis:7    | Reached skill level 27 in Fighting
 50182 | Dis:7    | Identified the +4 staff of Dispater
 50182 | Dis:7    | Noticed Dispater
 50208 | Dis:7    | Killed Dispater
 50216 | Dis:7    | Found the +6 Majin-Bo {vamp, MP+6 Int+6}
 50474 | Dis:7    | Got an iron rune of Zot
 50739 | Dis:7    | Paralysed by a vampire knight for 2 turns
 50867 | Dis:7    | Reached skill level 15 in Evocations
 50946 | Hell     | Found a gateway to the decaying netherworld of Tartarus.
 50962 | Tar:1    | Entered Level 1 of Tartarus
 52048 | Tar:4    | Paralysed by a lich for 5 turns
 52309 | Tar:6    | Noticed an ancient lich
 52317 | Tar:6    | Killed an ancient lich
 52753 | Tar:7    | Entered Level 7 of Tartarus
 52850 | Tar:7    | Noticed the Serpent of Hell
 52867 | Tar:7    | Killed the Serpent of Hell
 52925 | Tar:7    | Noticed Ereshkigal
 52945 | Tar:7    | HP: 13/273 [??? (5)]
 53204 | Tar:7    | Killed Ereshkigal
 53265 | Tar:7    | Got a bone rune of Zot
 53595 | Hell     | Found a gateway to the ashen valley of Gehenna.
 53602 | Geh:1    | Entered Level 1 of Gehenna
 54418 | Geh:7    | Entered Level 7 of Gehenna
 54887 | Geh:7    | Identified the +7 sceptre of Asmodeus
 54887 | Geh:7    | Noticed Asmodeus
 54923 | Geh:7    | Killed Asmodeus
 54950 | Geh:7    | Found the +8 arc blade {discharge, rElec}
 54954 | Geh:7    | Got an obsidian rune of Zot
 55277 | D:14     | Bought an uncursed ring of resist corrosion for 280 gold
                  | pieces
 55464 | Slime:1  | Entered Level 1 of the Pits of Slime
 55479 | Slime:1  | Gained mutation: You tend to lose your temper in combat. [a
                  | shining eye]
 55489 | Slime:1  | Gained mutation: You have very sharp teeth. [a shining eye]
 55599 | Slime:5  | Entered Level 5 of the Pits of Slime
 55615 | Slime:5  | Gained mutation: Your magical capacity is low. (-10% MP) [a
                  | shining eye]
 55625 | Slime:5  | Gained mutation: You often lose your temper in combat. [a
                  | shining eye]
 55626 | Slime:5  | Noticed the Royal Jelly
 55627 | Slime:5  | Gained mutation: Your body sometimes deteriorates upon
                  | taking damage. [a shining eye]
 55628 | Slime:5  | Gained mutation: Potions are less effective at restoring
                  | your health. [a shining eye]
 55659 | Slime:5  | Killed the Royal Jelly
 55720 | Slime:5  | Lost mutation: Your magical capacity is low. (-10% MP)
                  | [potion of mutation]
 55720 | Slime:5  | Lost mutation: Your body sometimes deteriorates upon taking
                  | damage. [potion of mutation]
 55720 | Slime:5  | Lost mutation: You have supernaturally acute eyesight.
                  | (SInv) [potion of mutation]
 55720 | Slime:5  | Gained mutation: You are frail. (-10% HP) [potion of
                  | mutation]
 55720 | Slime:5  | Gained mutation: Your system is resistant to poisons.
                  | (rPois) [potion of mutation]
 55721 | Slime:5  | Lost mutation: You have large cloven feet. [potion of
                  | mutation]
 55721 | Slime:5  | Lost mutation: You often lose your temper in combat.
                  | [potion of mutation]
 55721 | Slime:5  | Lost mutation: You tend to lose your temper in combat.
                  | [potion of mutation]
 55721 | Slime:5  | Lost mutation: Potions are less effective at restoring your
                  | health. [potion of mutation]
 55721 | Slime:5  | Gained mutation: Your mind is acute. (Int +2) [potion of
                  | mutation]
 55721 | Slime:5  | Gained mutation: Your magical capacity is low. (-10% MP)
                  | [potion of mutation]
 55721 | Slime:5  | Gained mutation: Your flesh is heat resistant. (rF+)
                  | [potion of mutation]
 55722 | Slime:5  | Lost mutation: Your flesh is heat resistant. (rF+) [potion
                  | of mutation]
 55722 | Slime:5  | Lost mutation: Your magical capacity is low. (-10% MP)
                  | [potion of mutation]
 55722 | Slime:5  | Lost mutation: Your mind is acute. (Int +2) [potion of
                  | mutation]
 55722 | Slime:5  | Gained mutation: You expend magic power (3 MP) to
                  | strengthen your wands. [potion of mutation]
 55722 | Slime:5  | Gained mutation: You possess an exceptional clarity of
                  | mind. [potion of mutation]
 55750 | Slime:5  | Found the cursed necklace of Bloodlust {*Rage +Rage MR++
                  | Int-3 Slay+6 *Curse}
 55847 | Slime:5  | Identified the Compendium of Ashen Slavery
 55935 | Slime:5  | Got a slimy rune of Zot
 56426 | Depths:3 | Paralysed by an ogre mage for 6 turns
 56486 | Depths:5 | Entered Level 5 of the Depths
 56562 | Depths:5 | Found a runed translucent gate.
 56562 | Depths:5 | Found a runed translucent gate.
 56562 | Depths:5 | Found a runed translucent gate.
 56562 | Depths:5 | Found an ancient bone altar of Kikubaaqudgha.
 56562 | Depths:5 | Noticed Vuhuwkui's ghost (adept TrMo)
 56563 | Depths:5 | Noticed an ancient lich
 56563 | Depths:5 | Noticed an ancient lich
 56639 | Depths:5 | Paralysed by a floating eye for 4 turns
 57049 | Crypt:1  | Entered Level 1 of the Crypt
 57091 | Crypt:1  | Reached skill level 27 in Armour
 57252 | Crypt:1  | Found an ancient bone altar of Kikubaaqudgha.
 57412 | Crypt:1  | Found a transporter.
 57426 | Crypt:1  | Found a transporter.
 57755 | Crypt:2  | Noticed Jory
 57760 | Crypt:2  | Killed Jory
 57863 | Crypt:2  | Noticed Boris
 57873 | Crypt:2  | Killed Boris
 58292 | Crypt:3  | Entered Level 3 of the Crypt
 58308 | Crypt:3  | Reached skill level 1 in Spellcasting
 58554 | Crypt:3  | Found a basalt altar of Yredelemnul.
 58603 | Crypt:3  | Learned a level 5 spell: Silence
 58635 | Crypt:3  | Noticed an ancient lich
 58638 | Crypt:3  | Reached skill level 1 in Hexes
 58638 | Crypt:3  | Reached skill level 1 in Air Magic
 58648 | Crypt:3  | Killed an ancient lich
 58672 | Crypt:3  | Identified the ring "Jiwo" {rN+ Int+6 Slay+3 Stlth+} (You
                  | found it on level 3 of the Crypt)
 59572 | Crypt:3  | Found a staircase to the Tomb.
 59908 | Depths:5 | Reached skill level 5 in Air Magic
 59918 | Depths:5 | Reached skill level 5 in Hexes
 59918 | Depths:5 | Paralysed by a floating eye for 2 turns
 59932 | Depths:5 | Found a gate to the Realm of Zot.
 60201 | Depths:5 | Found Yhoinu's Serpentskin Sales.
 60742 | Zot:1    | Entered Level 1 of the Realm of Zot
 60777 | Zot:1    | Found a large runed translucent door.
 60786 | Zot:1    | Noticed Vapurghao's ghost (master MiBr)
 60846 | Zot:1    | Found a large runed translucent door.
 60862 | Zot:1    | Identified the Disquisition on Entrancing Black Arts
 60956 | Zot:1    | Reached skill level 5 in Spellcasting
 61649 | Zot:2    | Identified the +4 dragonskin cloak
 61649 | Zot:2    | Noticed Tiamat
 61669 | Zot:2    | Killed Tiamat
 62569 | Zot:3    | Reached skill level 10 in Air Magic
 62578 | Zot:3    | You fall into a shaft and drop 1 floor!
 63048 | Zot:4    | Reached skill level 10 in Hexes
 63072 | Zot:4    | Identified the Tome of Hexes
 63335 | Zot:4    | Noticed an orb of fire
 63340 | Zot:4    | Gained mutation: You are weak. (Str -2) [an orb of fire]
 63345 | Zot:4    | Killed an orb of fire
 63715 | Zot:3    | Paralysed by a Zot trap for 4 turns
 64796 | Tomb:1   | Entered Level 1 of the Tomb of the Ancients
 64880 | Tomb:1   | Paralysed by a sphinx for 4 turns
 65119 | Tomb:1   | Gained mutation: You evolve. [mutagenic glow]
 65129 | Tomb:1   | Gained mutation: Your body sometimes deteriorates upon
                  | taking damage. [mutagenic glow]
 65135 | Tomb:1   | Gained mutation: Scrolls take you a little longer to read.
                  | [mutagenic glow]
 65142 | Tomb:1   | Gained mutation: Your spells are a little easier to cast,
                  | but a little less powerful. [mutagenic glow]
 65148 | Tomb:1   | Gained mutation: You are very weak. (Str -4) [mutagenic
                  | glow]
 66238 | Tomb:2   | Noticed a greater mummy
 66238 | Tomb:2   | Noticed a greater mummy
 66246 | Tomb:2   | Reached skill level 10 in Spellcasting
 66247 | Tomb:2   | Noticed Boris
 66248 | Tomb:2   | Noticed a greater mummy
 66253 | Tomb:2   | Noticed a greater mummy
 66254 | Tomb:2   | Killed a greater mummy
 66261 | Tomb:2   | Killed Boris
 66294 | Tomb:2   | Killed a greater mummy
 66301 | Tomb:2   | Killed a greater mummy
 66325 | Tomb:2   | Killed a greater mummy
 67380 | Tomb:3   | Entered Level 3 of the Tomb of the Ancients
 67393 | Tomb:3   | Noticed a greater mummy
 67394 | Tomb:3   | Noticed a greater mummy
 67397 | Tomb:3   | Noticed a greater mummy
 67398 | Tomb:3   | Noticed a greater mummy
 67407 | Tomb:3   | HP: 9/244 [ushabti] (4)]
 67407 | Tomb:3   | HP: 3/244 [emperor scorpion[a greater mummy] (4)]
 67407 | Tomb:3   | Killed from afar by a smoke demon

Illustrated notes

Levels and vault maps discovered:
D:1:      lightli_arrival_chessboard, layout_basic
D:2:      layout_rooms, lemuel_zombie_altar_kikubaaqudgha
D:3:      layout_basic, uniq_natasha
D:4:      layout_basic, minmay_temple_entry_glassed_door
D:5:      layout_loops_ring, gammafunk_ghost_stat_death, serial_shops,
          nicolae_shop_crystal, shop_statue, shop_fountains
D:6:      layout_rooms, serial_shops, shop, uniq_prince_ribbit1
D:7:      layout_gridville
D:8:      layout_loops_ring, grunt_livestock
D:9:      cheibrodos_steamvent, layout_basic, minmay_statue_bubble
D:10:     layout_basic, serial_shops, shop, nicolae_shop_crystal,
          shop_fountains, shop
D:11:     layout_rooms, grunt_lair_entry_orc_guard_hut, portal_ice_cave_rime
D:12:     layout_cave_pools, zombieorc2_lemuel
D:13:     layout_roguey, gammafunk_ghost_hive, minmay_the_grid_2x2
          [minmay_the_grid_aliased_spiral, minmay_the_grid_embedded,
          minmay_the_grid_tree, minmay_the_grid_prize_shrinking_boxes]
D:14:     layout_roguey, grunt_vaults_entry_fortified, gauntlet_entry_generic,
          nrook_pool_corridor, serial_shops, shop
D:15:     hangedman_depths_entry_civil_slaughter, layout_basic,
          gammafunk_ghost_stat_death, nicolae_benzene_ring, serial_shops,
          bzr_entry_customers
Temple:   kilobyte_greek_temple
Lair:1:   layout_cave_pods, lemuel_centaur_altar, grunt_megastairs_2, uniq_urug
Lair:2:   layout_cave_shapes, minmay_swamp_entry_eels
Lair:3:   layout_cave_pods
Lair:4:   layout_loops_ring, minmay_snake_entry_spellcaster,
          chequers_serial_rivers_micro_b, minmay_hedge_maze, uniq_sonja,
          uniq_kirke, uniq_rupert
Lair:5:   layout_hall_layers, slime_altar_1, basic_altar,
          hangedman_lair_unloving_vines, lemuel_fruit_tree, grunt_megastairs_4,
          serial_bayou_shore_b
Lair:6:   minmay_lair_end_frog_pond, layout_cave_pods, minivault_29
Swamp:1:  layout_basic_swamp, nicolae_swamp_treefoil, swamp_pool2
Swamp:2:  layout_basic_swamp, gammafunk_ghost_necromancy,
          evilmike_swamp_ruin_house_4, uniq_frances
Swamp:3:  layout_basic_swamp, serial_swamp_ruin, evilmike_swamp_ruin_house_2,
          evilmike_swamp_ruin_house_3, evilmike_swamp_ruin_house_1
Swamp:4:  swamp_icy, layout_basic_swamp, swamp_pool1
Snake:1:  layout_rooms, serial_shops, bzr_entry_safe,
          fake_guardian_serpent_vault
Snake:2:  layout_basic, serial_shops, shop_fountains, basic_altar,
          nicolae_snake_springs
Snake:3:  layout_rooms, lemuel_altar_in_water2
Snake:4:  johnstein_snake_rune_scales, layout_basic, serial_bayou_shore_b
Slime:1:  layout_caves
Slime:2:  layout_caves
Slime:3:  layout_caves
Slime:4:  layout_caves, nicolae_slime_phagocytosis
Slime:5
Orc:1:    layout_caves, basic_altar, uniq_maurice
Orc:2:    st_orc_town, layout_diamond_mine, serial_shops, nicolae_shop_stone
Elf:1:    layout_loops_cross, minmay_elf_sorcery, minmay_elf_demonology
Elf:2:    layout_loops_cross
Elf:3:    minmay_elf_hall_furrowed, layout_geoelf_castle, minmay_shop_grove
Vaults:1: nicolae_vaults_asterisk, hangedman_vaults_corner_blocks, v_misc_4,
          nicolae_vaults_network_square, st_star,
          nicolae_vaults_little_squares_5, v_misc_4, vaults_mumra_minichess,
          v_pattern_1, hangedman_vaults_hat, vaults_mumra_chevron,
          hangedman_vaults_corner_blocks, nicolae_vaults_specimen_jars,
          layout_vaults_big_cross, serial_shops, shop
Vaults:2: v_misc_14, serial_ice_m, blue_anna_dwarven_crypt,
          hangedman_vaults_corner, nicolae_vaults_rhombus_7,
          hangedman_vaults_nails, vaults_dpeg_encased_lava,
          minmay_guarded_unrand_guard_vaults, nicolae_vaults_puzzle_piece,
          v_misc_24, ontoclasm_vaults_idyll, nicolae_vaults_diagonal_hallway_7,
          nicolae_vaults_sealed_display, layout_vaults_ring
Vaults:3: v_rooms_4, nicolae_vaults_diagonal_hallway_7, v_misc_30, v_misc_24,
          grunt_vaults_diagonal, vaults_dpeg_cross,
          nicolae_vaults_three_branches, v_rooms_4, v_misc_25,
          layout_vaults_quadrants, lightli_enter_wizlab_magi_temple
Vaults:4: hangedman_vaults_variations, nicolae_vaults_border_crossing,
          nicolae_vaults_mini_display_case, ontoclasm_vaults_ring_small,
          nicolae_vaults_shelves_hall, vaults_room_stairs_pillars,
          vaults_mumra_hex, layout_vaults_big_room, serial_shops, shop,
          shop_fountains, nicolae_shop_overgrown_old_shop, shop_fountains,
          uniq_boris, uniq_mennas
Vaults:5: serial_shops, uniq_saint_roka
Crypt:1:  gammafunk_sealed_arena, layout_misc_corridors, basic_altar,
          serial_sigils_hangedman_leer, st_stairs_14
Crypt:2:  layout_gridlike, uniq_jory
Crypt:3:  church_of_pain_bobbens, layout_chaotic_city, tomb_entry_shell_bobbens
Tomb:1
Tomb:2
Tomb:3
Depths:1: layout_cave_pools, hell_entry, serial_column_ruins,
          column_ruins_portal_squares, column_ruins_open_large,
          column_ruins_corridor_straight, column_ruins_open_tiny,
          column_ruins_open_tiny, pan_entry, lightli_minifort
Depths:2: kennysheep_ogre_elephant_herders, layout_gridlike,
          grunt_hell_entry_dis_mu, serial_shops, nicolae_shop_behind_doors
Depths:3: minmay_connected_triangles_in_corner, layout_cave_pools,
          minmay_room_of_horrors, serial_sigils_hangedman_writhe,
          rand_demon_pan_entry_3, hell_entry, hangedman_decor_lopped,
          infiniplex_staircase_spiral, uniq_margery
Depths:4: hangedman_cross_stitches, layout_basic, enter_ziggurat_f, hell_entry,
          nicolae_abyss_entry_one_way_or_another, minivault_11,
          infiniplex_staircase_x
Depths:5: grunt_zot_entry_alcove, layout_small_grid, grunt_metal_band,
          serial_bayou, serial_bayou_lake_a, serial_bayou_pond_d,
          serial_bayou_shore_a, serial_bayou_shore_b, abyss_entry,
          gammafunk_ghost_crypt, grunt_decor_arrowhead,
          minmay_gold_behind_fungi, guppyfry_shop_venom
Hell
Dis:1:    layout_subdivisions
Dis:2:    layout_jigsaw
Dis:3:    layout_gridville
Dis:4:    layout_jigsaw
Dis:5:    layout_regular_city
Dis:6:    layout_regular_city
Dis:7:    dis_hangedman
Geh:1:    layout_gehenna_pools_triple
Geh:2:    layout_gehenna_pools_triple
Geh:3:    layout_gehenna_pools_box
Geh:4:    layout_gehenna_pools_box
Geh:5:    layout_gehenna_lava_caves
Geh:6:    layout_gehenna_lava_caves, lemuel_flamethrower_2
Geh:7:    geh_grunt_pentagon
Coc:1:    layout_cocytus_water_paths
Coc:2:    layout_cocytus_water_paths
Coc:3:    layout_ice_bergs
Coc:4:    layout_cocytus_water_paths
Coc:5:    layout_ice_bergs
Coc:6:    layout_ice_bergs
Coc:7:    coc_grunt
Tar:1:    layout_cathedral_of_symmetry
Tar:2:    layout_grid_maze, grunt_megastairs_3
Tar:3:    layout_grid_maze
Tar:4:    layout_cathedral_of_symmetry, nicolae_tar_fractal_crypt
Tar:5:    layout_honeycomb, grunt_tartarus_stairs_gauntlet_trap,
          grunt_megastairs_1
Tar:6:    layout_honeycomb
Tar:7:    tar_old
Zot:1:    lemuel_draconian_sentries_small, layout_misc_corridors,
          ebering_ghost_disaster_area, nicolae_lava_and_water
Zot:2:    layout_basic, st_single_dragon_hoard_3, uniq_tiamat
Zot:3:    layout_basic, st_single_dragon_hoard_1
Zot:4:    minmay_elemental_castle, layout_cellular_growth

Skill      XL: |  1  2  3  4  5  6  7  8  9 10 11 12 13 14 15 16 17 18 19 20 21 22 23 24 25 26 27 |
---------------+----------------------------------------------------------------------------------+-----
Axes           | 4 5 6 7 8 10 11 12 14 15 16 18 19 20 22 25 27 | 27.0
Fighting       | 3 4 5 6 8 10 12 13 15 17 18 19 20 21 22 23 24 25 27 | 27.0
Dodging        | 4 5 7 9 10 11 12 14 15 18 20 21 22 23 26 | 26.3
Shields        | 1 3 5 |  5.8
Armour         | 2 3 7 8 11 13 15 16 17 18 19 20 21 22 23 24 27 | 27.0
Invocations    | 3 4 6 7 9 11 12 13 14 15 16 17 | 17.3
Evocations     | 4 6 7 22 | 22.9
Maces & Flails | 4 |  4.7
Spellcasting   | 10 | 10.6
Hexes          | 11 | 11.9
Air Magic      | 12 | 12.8
Throwing       | |  2.0

Action                   |  1- 3 |  4- 6 |  7- 9 | 10-12 | 13-15 | 16-18 | 19-21 | 22-24 | 25-27 || total
-------------------------+-------+-------+-------+-------+-------+-------+-------+-------+-------++-------
Melee: War axe           |    78 |    96 |   260 |   175 |       |       |       |       |       ||   609
       Headbutt          |    12 |    11 |    35 |    93 |   223 |   211 |   251 |   226 |  1321 ||  2383
       Battleaxe         |       |       |       |   276 |   961 |   707 |   520 |       |       ||  2464
       Executioner's axe |       |       |       |       |       |       |   285 |   783 |  3793 ||  4861
       Sacred scourge    |       |       |       |       |       |       |       |       |   311 ||   311
       Bite              |       |       |       |       |       |       |       |       |   257 ||   257
       Unarmed           |       |       |       |       |       |       |       |       |     9 ||     9
Throw: Throwing net      |       |     2 |     4 |     8 |     1 |       |       |       |       ||    15
 Cast: Silence           |       |       |       |       |       |       |       |       |     5 ||     5
Invok: Minor Destruction |       |       |       |     2 |       |       |       |       |       ||     2
       Lesser Servant of |       |       |       |     1 |     5 |     6 |     1 |       |       ||    13
       Greater Servant o |       |       |       |       |       |       |     1 |     1 |     3 ||     5
Evoke: Wand              |       |       |       |    24 |    16 |       |       |       |     2 ||    42
       Condenser vane    |       |       |       |       |       |     1 |     1 |       |       ||     2
       Horn of Geryon    |       |       |       |       |       |       |       |       |     3 ||     3
       Lightning rod     |       |       |       |       |       |       |       |       |     1 ||     1
       Phantom mirror    |       |       |       |       |       |       |       |       |     1 ||     1
  Use: Potion            |       |     2 |     1 |     4 |     2 |     4 |       |     5 |    33 ||    51
       Scroll            |       |    11 |     4 |    11 |    22 |     9 |    23 |     8 |    37 ||   125
 Stab: Sleeping          |     2 |       |       |       |       |       |       |       |       ||     2
       Held in net/web   |       |       |     2 |     1 |       |       |       |       |       ||     3
       Paralysed         |       |       |       |     6 |     1 |       |       |       |       ||     7
       Distracted        |       |       |       |       |       |     2 |     1 |     2 |     4 ||     9
       Confused          |       |       |       |       |       |       |     1 |       |    11 ||    12
       Invisible         |       |       |       |       |       |       |       |     1 |     2 ||     3
Armor: Leather armour    |     7 |       |       |       |       |       |       |       |       ||     7
       Ring mail         |     7 |    27 |    82 |    41 |       |       |       |       |       ||   157
       Chain mail        |       |       |       |   163 |   153 |       |       |       |       ||   316
       Gold dragon scale |       |       |       |       |   286 |   319 |   380 |   413 |  1774 ||  3172
       Skin              |       |       |       |       |       |       |       |       |     1 ||     1
Dodge: Dodged            |    54 |    58 |   162 |   323 |   454 |   360 |   531 |   596 |  3385 ||  5923
Block: Buckler           |       |       |    62 |    23 |       |       |       |       |       ||    85

Table legend: (Time is in decaauts)
 A = Elapsed time spent in this place.
 B = Non-inter-level travel time spent in this place.
 C = Inter-level travel time spent in this place.
 D = Time resting spent in this place.
 E = Time spent auto-exploring this place.
 F = Levels seen in this place.
 G = Mean time per level.
                   A        B        C        D        E       F      G
               +--------+--------+--------+--------+--------+-----+--------+
         Total |  66235 |  60370 |   5865 |   5580 |  37673 |  99 |  669.0 |
       Dungeon |  15129 |  12788 |   2341 |   2099 |   8195 |  15 | 1008.6 |
        Temple |    152 |    152 |      0 |      0 |     87 |   1 |  152.0 |
          Lair |   6776 |   6050 |    726 |   1311 |   3647 |   6 | 1129.3 |
         Swamp |   2814 |   2586 |    228 |      0 |   2097 |   4 |  703.5 |
     Snake Pit |   4159 |   3985 |    174 |    628 |   2848 |   4 | 1039.8 |
    Slime Pits |    557 |    510 |     47 |     45 |    161 |   5 |  111.4 |
  Orcish Mines |   1238 |   1133 |    105 |      0 |    899 |   2 |  619.0 |
   Elven Halls |   3367 |   3189 |    178 |    129 |   2333 |   3 | 1122.3 |
        Vaults |   6544 |   5697 |    847 |      0 |   4394 |   5 | 1308.8 |
         Crypt |   2563 |   2358 |    205 |      0 |   1806 |   3 |  854.3 |
          Tomb |   2568 |   2494 |     74 |    450 |    902 |   3 |  856.0 |
        Depths |   5488 |   4671 |    817 |    369 |   3165 |   5 | 1097.6 |
          Hell |    455 |    437 |     18 |      0 |     66 |   1 |  455.0 |
           Dis |   2646 |   2646 |      0 |     63 |   1491 |   7 |  378.0 |
       Gehenna |   1443 |   1443 |      0 |     66 |    590 |   7 |  206.1 |
       Cocytus |   1996 |   1996 |      0 |    240 |    105 |   7 |  285.1 |
      Tartarus |   2419 |   2419 |      0 |    129 |   1298 |   7 |  345.6 |
           Zot |   3593 |   3493 |    100 |     31 |   2644 |   4 |  898.2 |
         Abyss |   1391 |   1391 |      0 |      2 |    614 |   6 |  231.8 |
        Bazaar |    185 |    185 |      0 |      0 |     45 |   2 |   92.5 |
        Wizlab |    224 |    224 |      0 |      0 |    103 |   1 |  224.0 |
      Gauntlet |    518 |    518 |      0 |     16 |    179 |   1 |  518.0 |
               +--------+--------+--------+--------+--------+-----+--------+

Top non-repeatable levels by time:
    D:14: 1770 daAuts
 Snake:4: 1751 daAuts
Vaults:3: 1544 daAuts
   Elf:3: 1514 daAuts
Vaults:4: 1478 daAuts
  Tomb:1: 1406 daAuts
Depths:3: 1404 daAuts
    D:15: 1395 daAuts
   Coc:7: 1392 daAuts
     D:9: 1346 daAuts
 Crypt:3: 1316 daAuts
  Lair:3: 1310 daAuts
Vaults:2: 1308 daAuts
  Lair:6: 1267 daAuts
Vaults:1: 1235 daAuts
